Map: [ESL] Inside and Out

Players

Reynor

  • Race: Zerg Zerg
  • Spawn Location: 7:00

Astrea - Winner!

  • Race: Protoss Protoss
  • League: Master
  • Spawn Location: 1:00

Event: HomeStory Cup XXI

VOD

Have the link to the VOD?

Description

Time

  • Played on: July 23, 2022, 1:42 p.m.
  • Length: 24:19

All games in this series

Show
View Real Time Build Order
Export as new Build Order

Reynor Zerg 

Build Orders: Hatch First 

Get SALT Encoding   

  12  0:00  Drone  
  13  0:12  Overlord  
  13  0:17  Drone  
  14  0:30  Drone x2  
  16  0:43  Drone  
  17  0:52  Hatchery  
  17  0:54  Drone  
  17  0:57  Drone  
  17  1:03  Extractor  
  17  1:13  Spawning Pool  
  17  1:17  Drone  
  17  1:21  Drone  
  18  1:27  Drone  
  19  1:40  Drone  
  20  1:49  Overlord  
  20  2:00  Queen  
  22  2:05  Metabolic Boost  
  22  2:06  Queen  
  22  2:07  Zergling x2  
  25  2:10  Zergling x2  
  25  2:13  Drone  
  27  2:16  Zergling x2  
  27  2:21  Drone  
  29  2:28  Drone  
  30  2:32  Zergling x2  
  31  2:44  Drone  
  31  2:46  Hatchery  
  31  2:52  Overlord  
  31  2:54  Zergling x2  
  31  2:56  Drone  
  31  2:57  Drone  
  34  3:04  Drone  
  35  3:07  Drone  
  35  3:09  Overlord  
  35  3:10  Drone  
  35  3:11  Drone  
  38  3:17  Drone  
  38  3:19  Drone  
  40  3:20  Queen  
  40  3:26  Overlord  
  42  3:30  Drone  
  42  3:33  Queen  
  44  3:38  Drone  
  45  3:42  Drone  
  45  3:48  Drone  
  47  3:50  Drone  
  47  3:51  Drone x2  
  47  3:52  Drone  
  51  3:56  Queen  
  51  4:01  Queen  
  51  4:02  Drone x2  
  57  4:05  Spore Crawler  
  56  4:11  Roach Warren  
  56  4:12  Zergling x4  
  56  4:13  Zergling x2  
  56  4:15  Zergling x2  
  58  4:20  Spore Crawler  
  58  4:21  Spore Crawler  
  58  4:22  Zergling x2  
  57  4:26  Lair  
  57  4:29  Drone x2  
  59  4:34  Overlord  
  59  4:35  Drone  
  59  4:36  Drone  
  60  4:39  Zergling x4  
  60  4:43  Overlord  
  62  4:50  Overlord  
  62  4:52  Roach x2  
  68  4:53  Roach  
  68  4:56  Roach  
  70  5:02  Extractor, Drone x4  
  70  5:06  Roach  
  75  5:09  Drone x2  
  75  5:12  Drone  
  75  5:13  Drone x3  
  81  5:17  Drone x3  
  81  5:21  Roach  
  86  5:26  Overlord  
  86  5:27  Spore Crawler  
  83  5:30  Drone  
  83  5:32  Drone  
  84  5:36  Drone  
  84  5:40  Drone x2  
  84  5:41  Drone x2  
  89  5:45  Overseer  
  89  5:46  Overlord  
  89  5:48  Drone  
  89  5:49  Drone  
  91  5:51  Extractor  
  91  5:55  Drone x2  
  91  5:56  Drone x2  
  91  5:57  Drone  
  91  5:58  Extractor  
  91  5:59  Drone  
  91  6:00  Evolution Chamber, Extractor  
  90  6:04  Overseer  
  90  6:05  Overlord  
  90  6:06  Drone x2  
  90  6:08  Drone  
  90  6:09  Drone  
  90  6:11  Drone  
  95  6:13  Extractor  
  94  6:19  Drone x2  
  94  6:21  Drone  
  94  6:24  Overlord  
  97  6:26  Drone x4  
  97  6:29  Hatchery  
  97  6:32  Drone x2  
  102  6:33  Spire  
  102  6:35  Roach x2  
  102  6:38  Roach  
  102  6:39  Roach  
  109  6:43  Roach  
  109  6:44  Roach  
  109  6:46  Overlord  
  113  6:48  Ravager x2  
  113  6:53  Roach x3  
  121  6:54  Overlord  
  121  6:59  Overlord  
  119  7:04  Drone x2  
  119  7:06  Roach x2  
  119  7:07  Roach x2  
  125  7:09  Overlord  
  125  7:12  Spore Crawler  
  122  7:17  Drone x2  
  122  7:22  Glial Reconstitution  
  125  7:26  Drone x10  
  135  7:31  Queen, Overlord  
  137  7:39  Zerg Melee Weapons Level 1  
  137  7:47  Mutalisk x6  
  145  7:51  Mutalisk  
  145  7:53  Zergling x12  
  145  7:56  Queen  
  145  7:57  Extractor  
  151  8:02  Roach x4  
  151  8:05  Zergling x4  
  161  8:06  Baneling Nest  
  161  8:09  Overlord  
  161  8:11  Zergling x2  
  159  8:15  Zergling x6  
  159  8:18  Zergling x4  
  164  8:20  Overlord  
  164  8:23  Zergling x2  
  163  8:27  Overlord  
  163  8:29  Zergling x8  
  163  8:30  Overlord  
  167  8:34  Zerg Flyer Weapons Level 1  
  167  8:36  Overlord  
  167  8:39  Overlord  
  167  8:40  Roach x2, Zergling x2  
  172  8:46  Roach  
  151  8:54  Roach x5  
  153  8:57  Zergling x10  
  161  9:02  Roach  
  161  9:03  Roach  
  161  9:04  Centrifugal Hooks  
  161  9:08  Zergling x12  
  161  9:14  Drone x2  
  161  9:17  Zergling x10  
  161  9:21  Zergling x4  
  161  9:23  Hatchery  
  163  9:33  Zergling x14  
  163  9:34  Zergling x2  
  159  9:42  Zerg Melee Weapons Level 2  
  153  9:47  Zergling x16  
  153  9:50  Baneling x6  
  148  9:54  Zergling x8  
  148  9:58  Zergling x2  
  148  9:59  Zergling x2  
  154  10:06  Roach x2  
  158  10:08  Spore Crawler  
  158  10:09  Zergling x2  
  158  10:10  Zergling x2  
  158  10:14  Zergling x6  
  160  10:16  Baneling x21  
  160  10:18  Roach x3, Zergling x4  
  168  10:24  Zergling x2  
  168  10:25  Infestation Pit, Zergling x6  
  168  10:26  Zergling x6  
  174  10:29  Zergling x2  
  174  10:30  Zergling x4  
  173  10:36  Roach x2  
  173  10:37  Zergling x2  
  173  10:42  Roach  
  166  10:47  Roach, Zergling x2  
  166  10:48  Zergling x4  
  151  10:50  Roach x4  
  151  10:52  Roach x3  
  151  10:56  Zergling x4  
  151  10:57  Zergling x8  
  163  11:01  Hive  
  163  11:02  Roach  
  165  11:06  Drone x5  
  165  11:08  Drone  
  165  11:11  Zergling x2  
  172  11:14  Ravager x4  
  172  11:15  Ravager x8  
  172  11:16  Baneling x21  
  172  11:17  Baneling, Zergling x2  
  184  11:25  Drone x2  
  184  11:26  Drone x2  
  184  11:32  Baneling x6  
  187  11:33  Zergling x16  
  187  11:34  Overseer  
  195  11:44  Spore Crawler, Spine Crawler  
  195  11:46  Zergling x2  
  194  11:48  Zergling x2  
  194  11:49  Zergling x10  
  187  11:58  Zergling x20  
  191  12:09  Baneling x16  
  191  12:13  Baneling  
  191  12:14  Baneling x13, Hatchery  
  190  12:18  Zergling x14  
  190  12:19  Baneling x4  
  187  12:43  Zergling x18  
  187  12:44  Zergling x24  
  200  12:50  Zerg Missile Weapons Level 1  
  200  12:52  Hydralisk Den  
  200  12:53  Evolution Chamber  
  200  12:54  Baneling x9  
  186  13:06  Zergling x2  
  186  13:07  Zergling x24  
  193  13:18  Zergling x20  
  197  13:25  Baneling x13  
  187  13:30  Baneling x10  
  187  13:31  Baneling x8  
  187  13:32  Zergling x16  
  187  13:33  Zergling x4  
  191  13:40  Roach x6  
  182  13:47  Zergling x14  
  183  13:51  Zergling x8  
  187  14:05  Drone x5  
  187  14:06  Lurker Den  
  187  14:07  Adrenal Glands  
  191  14:11  Queen  
  193  14:21  Baneling x20  
  193  14:23  Extractor  
  193  14:24  Drone x5  
  197  14:41  Hydralisk x4  
  176  15:01  Zergling x2  
  176  15:02  Zergling x38  
  172  15:10  Hydralisk x5  
  172  15:12  Lurker x4  
  174  15:17  Seismic Spines  
  174  15:19  Zergling x8  
  176  15:22  Zergling x4  
  178  15:29  Roach x5  
  178  15:35  Extractor  
  186  15:36  Extractor  
  186  15:38  Lurker x4  
  186  15:39  Zergling x4  
  186  15:40  Zergling x4  
  186  15:42  Zergling x2  
  190  15:47  Zergling x4  
  190  15:48  Viper, Zergling x2  
  196  15:54  Overlord, Lair  
  192  16:00  Overlord  
  191  16:06  Hatchery  
  191  16:07  Overlord  
  190  16:18  Overlord x2  
  177  16:20  Zergling x16  
  185  16:27  Hydralisk  
  185  16:28  Hydralisk  
  189  16:35  Zergling x8  
  192  16:47  Hatchery  
  182  17:02  Zergling x24  
  182  17:06  Hydralisk x3  
  182  17:08  Overseer, Lurker x3  
  199  17:17  Zerg Missile Weapons Level 2  
  199  17:19  Infestation Pit, Zergling x2  
  199  17:20  Zergling x2  
  188  17:30  Zergling x16  
  188  17:35  Zergling x8  
  193  17:40  Hydralisk x3  
  199  17:44  Lurker  
  199  17:46  Overlord  
  191  18:06  Hive  
  191  18:13  Zergling x2  
  191  18:14  Zergling x14  
  191  18:18  Lurker x2  
  200  18:21  Spore Crawler  
  200  18:22  Hatchery  
  198  18:29  Overlord x2  
  193  18:52  Zergling x12  
  193  18:55  Overlord  
  192  19:04  Zergling x4  
  192  19:05  Zergling x2, Hydralisk x3  
  196  19:11  Spore Crawler  
  195  19:28  Viper x3  
  195  19:29  Viper  
  195  19:31  Zerg Flyer Weapons Level 2  
  197  19:33  Adaptive Talons  
  197  19:36  Queen  
  197  19:37  Extractor  
  196  19:46  Extractor  
  196  19:48  Drone x4  
  199  19:55  Spore Crawler x3  
  199  19:56  Spore Crawler  
  194  20:06  Spore Crawler  
  193  20:07  Spine Crawler  
  193  20:12  Hydralisk  
  193  20:13  Hydralisk x2  
  198  20:15  Zergling x2  
  199  20:21  Spore Crawler x2  
  189  20:37  Hydralisk x6  
  196  20:43  Overlord  
  196  20:47  Zergling x12  
  193  20:58  Zergling x14  
  193  21:00  Hydralisk  
  193  21:01  Zergling x16  
  200  21:08  Hydralisk x3  
  190  21:13  Muscular Augments  
  190  21:25  Overseer  
  185  21:27  Hydralisk x9  
  195  21:36  Zergling x6  
  195  21:37  Zergling x8  
  198  21:42  Overlord  
  198  21:45  Zergling x10  
  195  21:55  Zergling x18  
  195  21:58  Hydralisk x2  
  189  22:01  Hydralisk  
  186  22:10  Hydralisk x3  
  186  22:11  Hydralisk  
  186  22:12  Hydralisk  
  186  22:15  Hatchery  
  186  22:25  Grooved Spines  
  186  22:29  Lurker x5  
  190  22:35  Hydralisk  
  187  22:48  Hydralisk x2  
  164  22:52  Hydralisk  
  164  22:53  Hydralisk  
  138  22:59  Hydralisk  
  109  23:14  Hydralisk  
  109  23:15  Hydralisk  
  102  23:20  Hydralisk  
  103  23:28  Hydralisk  
  99  23:42  Hydralisk  
  101  23:55  Hydralisk  
Show
View Real Time Build Order
Export as new Build Order

Astrea Protoss - Winner!

Build Orders: 1 Gate Expand, Mass Adepts 

Get SALT Encoding   

  12  0:00  Probe  
  13  0:12  Probe  
  14  0:19  Pylon  
  14  0:24  Probe  
  15  0:37  Probe (Chrono Boost)  
  15  0:39  Gateway  
  16  0:46  Probe (Chrono Boost)  
  16  0:49  Assimilator  
  17  0:51  Probe  
  18  1:03  Probe  
  19  1:15  Probe  
  20  1:25  Nexus  
  20  1:28  Probe  
  21  1:37  Cybernetics Core  
  21  1:41  Probe  
  22  1:47  Pylon  
  22  1:52  Assimilator  
  22  1:55  Probe  
  23  2:05  Probe  
  24  2:11  Adept (Chrono Boost)  
  24  2:13  Probe  
  24  2:14  Warp Gate  
  26  2:22  Probe  
  27  2:28  Twilight Council  
  28  2:32  Stalker (Chrono Boost)  
  28  2:33  Probe  
  31  2:37  Probe  
  32  2:45  Probe  
  32  2:49  Probe  
  34  2:51  Robotics Facility  
  34  2:57  Probe  
  35  3:03  Gateway  
  35  3:09  Gateway  
  35  3:15  Probe x2  
  35  3:16  Resonating Glaives (Chrono Boost)  
  37  3:24  Adept  
  39  3:29  Probe  
  39  3:30  Probe  
  39  3:35  Warp Prism (Chrono Boost), Shield Battery  
  42  3:41  Probe  
  42  3:42  Probe  
  42  3:44  Pylon  
  43  3:53  Probe  
  44  3:58  Probe  
  45  4:02  Adept x2  
  45  4:03  Adept  
  45  4:05  Observer, Probe  
  53  4:15  Pylon  
  53  4:17  Assimilator  
  53  4:22  Pylon  
  53  4:28  Probe  
  54  4:33  Probe, Adept x3  
  54  4:34  Observer  
  62  4:42  Nexus  
  62  4:43  Pylon  
  62  4:46  Probe x2  
  64  4:56  Adept x3, Assimilator  
  64  4:58  Assimilator  
  70  5:01  Probe  
  70  5:02  Pylon  
  71  5:07  Probe  
  71  5:09  Pylon  
  71  5:12  Immortal (Chrono Boost)  
  72  5:16  Probe  
  72  5:20  Probe  
  78  5:23  Shield Battery  
  79  5:28  Probe  
  79  5:32  Probe  
  80  5:41  Probe, Immortal (Chrono Boost)  
  81  5:44  Probe  
  86  5:53  Probe  
  86  5:54  Probe  
  88  5:57  Robotics Bay  
  88  5:58  Blink  
  88  6:00  Probe, Forge  
  89  6:06  Probe x2  
  91  6:12  Probe  
  91  6:17  Adept x3  
  91  6:18  Probe  
  99  6:19  Pylon, Probe  
  99  6:24  Probe  
  101  6:30  Probe, Assimilator  
  101  6:31  Probe  
  101  6:32  Gateway  
  103  6:33  Gateway  
  103  6:35  Gateway  
  103  6:37  Probe  
  103  6:38  Protoss Ground Weapons Level 1 (Chrono Boost)  
  103  6:42  Disruptor (Chrono Boost), Probe  
  107  6:47  Probe, Gateway  
  107  6:49  Probe  
  107  6:50  Pylon  
  109  6:55  Probe  
  109  6:59  Adept x3  
  115  7:02  Probe  
  115  7:06  Probe  
  111  7:10  Probe  
  111  7:14  Probe  
  111  7:15  Disruptor (Chrono Boost)  
  112  7:23  Assimilator  
  112  7:26  Photon Cannon  
  112  7:34  Stalker x5  
  112  7:35  Stalker  
  112  7:36  Pylon  
  124  7:38  Shield Battery  
  124  7:41  Extended Thermal Lance  
  124  7:43  Observer (Chrono Boost)  
  125  7:47  Pylon  
  125  7:52  Pylon  
  131  8:02  Pylon x2  
  131  8:12  Stalker x2  
  133  8:13  Stalker x4  
  133  8:14  Nexus  
  139  8:28  Stalker  
  131  8:34  Photon Cannon  
  131  8:35  Photon Cannon  
  131  8:37  Stalker x5  
  133  8:54  Disruptor (Chrono Boost)  
  119  8:57  Stalker x2  
  111  9:11  Stalker x5, Protoss Ground Weapons Level 2 (Chrono Boost)  
  121  9:23  Pylon  
  121  9:26  Disruptor (Chrono Boost)  
  121  9:27  Stalker  
  121  9:28  Stalker  
  122  9:42  Stalker x3  
  122  9:43  Stalker x2  
  132  9:50  Colossus (Chrono Boost)  
  132  9:55  Shield Battery  
  135  10:01  Probe x3  
  135  10:03  Stalker x2  
  135  10:07  Photon Cannon, Probe  
  146  10:13  Probe  
  147  10:16  Probe x2  
  147  10:18  Templar Archives  
  147  10:19  Probe  
  150  10:25  Probe  
  151  10:29  Pylon  
  151  10:32  Stalker x6  
  151  10:33  Stalker  
  159  10:48  Probe  
  139  10:51  Probe  
  139  10:53  Probe x2  
  140  10:57  Shield Battery  
  140  10:59  Photon Cannon, Assimilator  
  140  11:00  Probe  
  140  11:01  High Templar x5  
  151  11:06  Psionic Storm, Pylon  
  151  11:07  Pylon  
  151  11:10  Assimilator x2  
  151  11:11  Warp Prism  
  153  11:22  Stalker  
  155  11:26  Gateway, Protoss Ground Weapons Level 3 (Chrono Boost)  
  155  11:27  Gateway  
  155  11:29  Gateway  
  155  11:31  Photon Cannon  
  155  11:39  Photon Cannon  
  155  11:43  Zealot x5  
  165  11:56  Archon x2  
  165  12:00  High Templar  
  161  12:11  Observer (Chrono Boost)  
  161  12:12  High Templar  
  161  12:13  High Templar  
  161  12:14  Zealot x3  
  172  12:18  Photon Cannon  
  172  12:19  Photon Cannon  
  172  12:21  Pylon  
  172  12:24  Colossus (Chrono Boost)  
  178  12:44  Stalker x8  
  168  12:45  Stalker  
  168  12:47  Pylon  
  168  12:48  Pylon  
  168  12:49  Gateway  
  184  13:03  Nexus  
  182  13:07  Stalker x2  
  182  13:08  Zealot x7  
  192  13:14  Probe x4  
  192  13:22  Charge (Chrono Boost)  
  192  13:26  Probe x4  
  177  13:38  Probe x3, Zealot x4  
  171  13:41  Probe  
  168  13:49  Observer (Chrono Boost)  
  168  13:50  Probe x2  
  168  13:52  High Templar x3  
  168  13:53  High Templar x3  
  183  13:57  Probe x2  
  183  14:02  Probe x2  
  179  14:03  High Templar x3  
  179  14:04  High Templar  
  186  14:10  Archon x2  
  186  14:13  Archon, Warp Prism (Chrono Boost)  
  186  14:14  Archon  
  188  14:23  Photon Cannon  
  186  14:28  Zealot x6  
  198  14:33  Protoss Shields Level 1  
  198  14:41  Zealot x4  
  194  14:50  Nexus  
  190  14:56  Archon  
  190  14:57  Stalker  
  190  14:58  Stalker x4  
  178  15:13  High Templar x3  
  178  15:14  Stalker, High Templar  
  182  15:23  Observer, Stalker x3  
  182  15:24  Stalker x2  
  192  15:33  Pylon  
  192  15:49  Zealot x5  
  182  16:02  Zealot x4  
  182  16:03  Probe x3  
  195  16:06  Observer, Photon Cannon  
  193  16:12  Probe  
  193  16:13  Probe  
  193  16:15  Disruptor (Chrono Boost), Probe x3  
  185  16:25  Probe x2  
  187  16:27  Probe x3  
  187  16:31  Robotics Facility  
  190  16:35  Photon Cannon  
  190  16:38  High Templar x4  
  198  16:40  Assimilator x2  
  198  16:43  Archon x2  
  190  17:02  Disruptor  
  190  17:03  Pylon  
  193  17:11  Nexus  
  189  17:36  High Templar x5  
  188  17:40  Photon Cannon  
  188  17:41  Photon Cannon, Stargate, Protoss Shields Level 2 (Chrono Boost)  
  188  17:42  Disruptor x2  
  194  17:45  Photon Cannon  
  194  17:46  Stalker  
  194  17:48  Photon Cannon  
  194  17:49  Shield Battery  
  194  17:50  Shield Battery  
  194  17:51  Protoss Air Weapons Level 1 (Chrono Boost)  
  196  17:55  Pylon  
  190  18:10  Zealot x4  
  198  18:17  Nexus, Disruptor  
  200  18:22  Nexus  
  200  18:30  Fleet Beacon  
  200  18:32  Shield Battery  
  200  18:33  Pylon, Stargate  
  200  18:35  Photon Cannon, Stargate  
  198  18:47  Archon  
  198  18:53  Zealot  
  192  19:21  Pylon  
  192  19:22  Carrier (Chrono Boost)  
  196  19:33  Nexus, Assimilator  
  196  19:35  Assimilator  
  196  19:36  Stargate  
  196  19:37  Stargate  
  196  19:40  Pylon  
  196  19:43  Pylon, Protoss Air Weapons Level 2 (Chrono Boost)  
  194  19:51  Photon Cannon  
  194  19:52  Photon Cannon  
  194  19:54  Photon Cannon  
  194  19:56  Photon Cannon  
  194  19:57  Shield Battery  
  194  19:58  Shield Battery  
  194  20:00  Photon Cannon  
  194  20:03  Photon Cannon  
  194  20:07  Pylon  
  194  20:12  Observer x2  
  196  20:17  Carrier (Chrono Boost)  
  200  20:21  Protoss Shields Level 3  
  200  20:27  Carrier (Chrono Boost)  
  187  20:32  Carrier (Chrono Boost)  
  183  20:58  Disruptor x2  
  184  21:05  Carrier (Chrono Boost)  
  184  21:11  High Templar x2  
  199  21:26  Archon  
  199  21:32  Carrier x2 (Chrono Boost)  
  181  21:44  Archon  
  181  21:45  Disruptor x2  
  165  21:49  Zealot x5  
  169  22:05  Carrier (Chrono Boost)  
  173  22:15  Zealot x10  
  186  22:28  Photon Cannon  
  188  22:30  Photon Cannon  
  188  22:33  Photon Cannon  
  188  22:34  Shield Battery  
  188  22:36  Shield Battery  
  185  22:42  Observer  
  185  22:43  Carrier (Chrono Boost)  
  172  22:57  Carrier x2 (Chrono Boost)  
  176  23:22  Nexus  
  176  23:29  High Templar x3  
  183  23:40  Oracle (Chrono Boost)  
  177  23:43  Pylon  
  177  23:52  Photon Cannon  
  177  23:54  Photon Cannon  
  177  23:56  Photon Cannon  
  177  23:57  Shield Battery  
  177  23:58  Shield Battery  
  177  24:00  High Templar  
  177  24:01  Pylon  
  175  24:14  Archon  
Tags
 
Add a new tag
Caveats
  • Supply blocks, unpowered buildings, or Contaminate may cause inaccurate times.
  • Supply counts are checked every 10 seconds.